PBL
CHESTER PIRATES @ PARIS CUBS
10/04/2045
 
TOP OF THE 1ST
Chester Pirates batting - Pitching for Brockton Rox : RHP Danny Marquez
Pitching: RHP Danny Marquez
Batting: RHB Terrence Wilson 0-0: Ball
1-0: Ball
2-0: Foul Ball, location: 2F
2-1: Swinging Strike
2-2: Ball
3-2: Foul Ball, location: 2F
3-2: Fly out, F9 (Flyball, 9LS, EV 85.0 MPH)
Batting: RHB Tim Moore 0-0: Ball
1-0: Called Strike
1-1: Called Strike
1-2: Strikes out swinging
Batting: RHB Brandon White 0-0: Ball
1-0: SINGLE (Line Drive, 7S, EV 103.1 MPH)
Batting: RHB Jeff Edwards 0-0: Ball
1-0: Swinging Strike
1-1: Foul Ball, location: 2F
1-2: Ball
2-2: SINGLE (Groundball, 6D, EV 97.5 MPH)
Brandon White to second
Batting: RHB Dan Kurtz 0-0: Called Strike
0-1: Ball
1-1: Foul Ball, location: 2F
1-2: Foul Ball, location: 2F
1-2: Foul Ball, location: 2F
1-2: Ball
2-2: Foul Ball, location: 2F
2-2: Strikes out swinging
Top of the 1st over - 0 runs, 2 hits, 0 errors, 2 left on base; Chester 0 - Brockton 0
BOTTOM OF THE 1ST
Brockton Rox batting - Pitching for Chester Pirates : RHP Eric Bourque
Pitching: RHP Eric Bourque
Batting: RHB Mike Griffin 0-0: Foul Ball, location: 2F
0-1: Ball
1-1: Called Strike
1-2: Ball
2-2: Foul Ball, location: 2F
2-2: Fly out, F8 (Flyball, 8LM, EV 86.9 MPH)
Batting: RHB Jim Hubbard 0-0: Foul Ball, location: 2F
0-1: Foul Ball, location: 2F
0-2: Strikes out swinging
Batting: LHB Danny Montoya 0-0: Foul Ball, location: 2F
0-1: Fly out, F8 (Flyball, 8LS, EV 67.5 MPH)
Bottom of the 1st over - 0 runs, 0 hits, 0 errors, 0 left on base; Chester 0 - Brockton 0
TOP OF THE 2ND
Chester Pirates batting - Pitching for Brockton Rox : RHP Danny Marquez
Batting: LHB Dustin Herman 0-0: Ball
1-0: Ball
2-0: Foul Ball, location: 2RF, Error on foul ball, E2
2-1: Ball
3-1: Foul Ball, location: 2F
3-2: Foul Ball, location: 2F
3-2: Foul Ball, location: 2F
3-2: Foul Ball, location: 2F
3-2: Foul Ball, location: 2F
3-2: Fly out, F8 (Flyball, 78D, EV 102.5 MPH)
Batting: RHB Frank Elizondo 0-0: Ball
1-0: Called Strike
1-1: Foul Ball, location: 2F
1-2: Strikes out swinging
Batting: RHB Erik Mulligan 0-0: Fly out, F7 (Flyball, 78S, EV 87.5 MPH)
Top of the 2nd over - 0 runs, 0 hits, 1 error, 0 left on base; Chester 0 - Brockton 0
BOTTOM OF THE 2ND
Brockton Rox batting - Pitching for Chester Pirates : RHP Eric Bourque
Batting: LHB Carlos Guerra 0-0: Ball
1-0: Ball
2-0: SOLO HOME RUN (Flyball, 9D, EV 103.8 MPH), Distance : 397 ft
Batting: LHB Aaron Brannon 0-0: Called Strike
0-1: Swinging Strike
0-2: Ball
1-2: Strikes out swinging
Batting: LHB Miguel Maymi 0-0: Ball
1-0: Ball
2-0: Ball
3-0: Called Strike
3-1: Ground out U3 (Groundball, 3L, EV 107.5 MPH)
Batting: RHB Travis Campbell 0-0: Foul Ball, location: 2F
0-1: Foul Ball, location: 2F
0-2: Fly out, F8 (Flyball, 78D, EV 98.8 MPH)
Bottom of the 2nd over - 1 run, 1 hit, 0 errors, 0 left on base; Chester 0 - Brockton 1
TOP OF THE 3RD
Chester Pirates batting - Pitching for Brockton Rox : RHP Danny Marquez
Batting: LHB Chad Cutler 0-0: Called Strike
0-1: Fly out, F9 (Line Drive, 9LM, EV 93.1 MPH)
Batting: RHB Terrence Wilson 0-0: Ball
1-0: Ball
2-0: Ball
3-0: Base on Balls
Batting: RHB Tim Moore 0-0: Called Strike
Terrence Wilson steals 2nd base
0-1: Foul Ball, location: 2F
Balk!
Terrence Wilson to third
0-2: Strikes out swinging
Batting: RHB Brandon White 0-0: Ball
1-0: Ball
Wild Pitch!
Terrence Wilson scores
2-0: DOUBLE (Line Drive, 7LS, EV 90.6 MPH)
Batting: RHB Jeff Edwards 0-0: Fly out, F8 (Flyball, 8RD, EV 91.9 MPH)
Top of the 3rd over - 1 run, 1 hit, 0 errors, 1 left on base; Chester 1 - Brockton 1
BOTTOM OF THE 3RD
Brockton Rox batting - Pitching for Chester Pirates : RHP Eric Bourque
Batting: LHB Mike Hutcheson 0-0: Fly out, F8 (Line Drive, 8RD, EV 92.5 MPH)
Batting: RHB Bakhtiar Asadov 0-0: Foul Ball, location: 2F
0-1: Called Strike
0-2: Strikes out swinging
Batting: RHB Mike Griffin 0-0: Called Strike
0-1: Ground out 6-3 (Groundball, 6, EV 103.8 MPH)
Bottom of the 3rd over - 0 runs, 0 hits, 0 errors, 0 left on base; Chester 1 - Brockton 1
TOP OF THE 4TH
Chester Pirates batting - Pitching for Brockton Rox : RHP Danny Marquez
Batting: RHB Dan Kurtz 0-0: Ball
1-0: Ground out U3 (Groundball, 3, EV 90.0 MPH)
Batting: LHB Dustin Herman 0-0: Called Strike
0-1: Ball
1-1: Ball
2-1: Foul Ball, location: 2F
2-2: Ball
3-2: Base on Balls
Batting: RHB Frank Elizondo 0-0: Called Strike
0-1: Swinging Strike
0-2: Strikes out swinging
Batting: RHB Erik Mulligan 0-0: Fielders Choice at 2nd, 5-4 (Groundball, 56, EV 103.8 MPH)
Top of the 4th over - 0 runs, 0 hits, 0 errors, 1 left on base; Chester 1 - Brockton 1
BOTTOM OF THE 4TH
Brockton Rox batting - Pitching for Chester Pirates : RHP Eric Bourque
Batting: RHB Jim Hubbard 0-0: Ball
1-0: SINGLE (Line Drive, 7S, EV 90.0 MPH)
Batting: LHB Danny Montoya 0-0: Fly out, F8 (Flyball, 8LD, EV 85.6 MPH)
Batting: LHB Carlos Guerra 0-0: Called Strike
0-1: Swinging Strike
0-2: Strikes out swinging
Batting: LHB Aaron Brannon 0-0: SINGLE (Line Drive, 9S, EV 95.6 MPH)
Jim Hubbard to second
Runner from 2nd tries for 3rd, SAFE, throw by RF made to third
Pinch Runner at 3rd Sal Rivera:
Batting: LHB Miguel Maymi 0-0: Called Strike
Pickoff Throw to First - Error! E1
Sal Rivera scores
Aaron Brannon to second
0-1: Fly out, F6 (Popup, 6D, EV 56.9 MPH)
Bottom of the 4th over - 1 run, 2 hits, 1 error, 1 left on base; Chester 1 - Brockton 2
TOP OF THE 5TH
Chester Pirates batting - Pitching for Brockton Rox : RHP Danny Marquez
Now in CF: Sal Rivera
Now in RF: Bakhtiar Asadov
Batting: LHB Chad Cutler 0-0: Swinging Strike
0-1: Ball
1-1: TRIPLE (Flyball, 89XD, EV 106.2 MPH)
Batting: RHB Terrence Wilson 0-0: Foul Ball, location: 2F
0-1: Foul Ball, location: 2F
0-2: Ball
1-2: Ball
2-2: Ball
3-2: Foul Ball, location: 2F
3-2: Base on Balls
Batting: RHB Tim Moore 0-0: Swinging Strike
Balk!
Chad Cutler scores
Terrence Wilson to second
0-1: Ball
1-1: Foul Ball, location: 2F
1-2: Ball
2-2: Strikes out swinging
Batting: RHB Brandon White 0-0: Called Strike
0-1: Ball
1-1: Ball
2-1: Called Strike
2-2: Foul Ball, location: 2F
2-2: Ground out 4-3 (Groundball, 4, EV 78.8 MPH)
Terrence Wilson to third
Batting: RHB Jeff Edwards 0-0: Ball
1-0: Called Strike
1-1: Ball
2-1: Called Strike
2-2: Foul Ball, location: 2F
2-2: Foul Ball, location: 2F
2-2: Fly out, F4 (Popup, 4M, EV 70.6 MPH)
Top of the 5th over - 1 run, 1 hit, 0 errors, 1 left on base; Chester 2 - Brockton 2
BOTTOM OF THE 5TH
Brockton Rox batting - Pitching for Chester Pirates : RHP Eric Bourque
Batting: RHB Travis Campbell 0-0: Ball
1-0: Foul Ball, location: 2F
1-1: Foul Ball, location: 2F
1-2: Foul Ball, location: 2F
1-2: Ball
2-2: Foul Ball, location: 2F
2-2: Foul Ball, location: 2F
2-2: Ball
3-2: Fly out, F4 (Flyball, 34D, EV 79.4 MPH)
Batting: LHB Mike Hutcheson 0-0: Ball
1-0: Foul Ball, location: 2F
1-1: SOLO HOME RUN (Flyball, 7D, EV 100.0 MPH), Distance : 390 ft
Batting: RHB Bakhtiar Asadov 0-0: Ball
1-0: Called Strike
1-1: Fly out, F7 (Flyball, 7S, EV 84.4 MPH)
Batting: RHB Mike Griffin 0-0: Ball
1-0: SINGLE (Line Drive, 5D, EV 96.9 MPH)
Batting: RHB Sal Rivera 0-0: Ball
1-0: Foul Ball, location: 2F
1-1: Called Strike
1-2: Foul Ball, location: 2F
1-2: Foul Ball, location: 2F
1-2: Foul Ball, location: 2F
1-2: Ball
2-2: Foul Ball, location: 2F
2-2: Strikes out swinging
Bottom of the 5th over - 1 run, 2 hits, 0 errors, 1 left on base; Chester 2 - Brockton 3
TOP OF THE 6TH
Chester Pirates batting - Pitching for Brockton Rox : RHP Danny Marquez
Batting: RHB Dan Kurtz 0-0: Ball
1-0: Swinging Strike
1-1: Ball
2-1: Foul Ball, location: 2F
2-2: Strikes out swinging
Batting: LHB Dustin Herman 0-0: Ball
1-0: Ball
2-0: Foul Ball, location: 2F
2-1: Foul Ball, location: 2F
2-2: Hit by Pitch
Batting: RHB Frank Elizondo 0-0: Ball
1-0: Called Strike
1-1: Foul Ball, location: 2F
1-2: Foul Ball, location: 2F
1-2: Strikes out looking
Batting: RHB Erik Mulligan 0-0: Ball
1-0: Called Strike
1-1: Swinging Strike
1-2: 2-RUN HOME RUN (Flyball, 7D, EV 98.1 MPH), Distance : 396 ft
Batting: LHB Chad Cutler 0-0: Called Strike
0-1: Ball
1-1: DOUBLE (Groundball, 3L, EV 100.6 MPH)
Pitching: RHP Paul Carter
Batting: RHB Terrence Wilson 0-0: Called Strike
0-1: Foul Ball, location: 2F
0-2: Strikes out swinging
Top of the 6th over - 2 runs, 2 hits, 0 errors, 1 left on base; Chester 4 - Brockton 3
BOTTOM OF THE 6TH
Brockton Rox batting - Pitching for Chester Pirates : RHP Eric Bourque
Batting: LHB Danny Montoya 0-0: Ball
1-0: Called Strike
1-1: Ball
2-1: SINGLE (Flyball, 8RS, EV 90.6 MPH)
Batting: LHB Carlos Guerra 0-0: Fly out, F9 (Flyball, 9, EV 90.0 MPH)
Batting: LHB Aaron Brannon 0-0: Called Strike
0-1: Swinging Strike
0-2: Strikes out looking
Batting: LHB Miguel Maymi 0-0: Called Strike
0-1: Swinging Strike
0-2: Ball
1-2: Ball
2-2: Foul Ball, location: 2F
2-2: Foul Ball, location: 2F
2-2: Reached via error on a dropped throw from 2B, E3 (Groundball, 4, EV 100.0 MPH)
Danny Montoya to second
Batting: RHB Travis Campbell 0-0: Called Strike
0-1: Fly out, F8 (Flyball, 8LXD, EV 103.1 MPH)
Bottom of the 6th over - 0 runs, 1 hit, 1 error, 2 left on base; Chester 4 - Brockton 3
TOP OF THE 7TH
Chester Pirates batting - Pitching for Brockton Rox : RHP Paul Carter
Batting: RHB Tim Moore 0-0: Ball
1-0: Called Strike
1-1: Foul Ball, location: 2F
1-2: Ball
2-2: Foul Ball, location: 2F
2-2: Strikes out swinging
Batting: RHB Brandon White 0-0: Ball
1-0: Ground out 6-3 (Groundball, 6, EV 81.9 MPH)
Batting: RHB Jeff Edwards 0-0: Called Strike
0-1: Foul Ball, location: 2F
0-2: Fly out, F7 (Flyball, 7D, EV 101.2 MPH)
Top of the 7th over - 0 runs, 0 hits, 0 errors, 0 left on base; Chester 4 - Brockton 3
BOTTOM OF THE 7TH
Brockton Rox batting - Pitching for Chester Pirates : RHP Eric Bourque
Batting: LHB Mike Hutcheson 0-0: Ball
1-0: Called Strike
1-1: Swinging Strike
1-2: Ball
2-2: SINGLE (Line Drive, 89M, EV 109.4 MPH)
Pinch Hitting: RHB Ted Emmerich 0-0: Ball
1-0: Ground out 4-3 (Groundball, 34, EV 106.9 MPH)
Mike Hutcheson to second
Batting: RHB Mike Griffin 0-0: Called Strike
0-1: Called Strike
0-2: Foul Ball, location: 2F
0-2: Foul Ball, location: 2F
0-2: Strikes out swinging
Batting: RHB Sal Rivera 0-0: Foul Ball, location: 2F
0-1: Foul Ball, location: 2F
0-2: Strikes out looking
Bottom of the 7th over - 0 runs, 1 hit, 0 errors, 1 left on base; Chester 4 - Brockton 3
TOP OF THE 8TH
Chester Pirates batting - Pitching for Brockton Rox : RHP Paul Carter
Pitching: LHP Anton Lara
Now in LF: Ted Emmerich
Now in RF: Miguel Maymi
Batting: RHB Dan Kurtz 0-0: Called Strike
0-1: Ball
1-1: SINGLE (Groundball, 34D, EV 105.6 MPH)
Batting: LHB Dustin Herman 0-0: Foul Ball, location: 2F
0-1: DOUBLE (Flyball, 8RXD, EV 93.8 MPH)
Dan Kurtz to third
Batting: RHB Frank Elizondo 0-0: Intentional Walk
Batting: RHB Erik Mulligan 0-0: Ball
1-0: Ball
2-0: Called Strike
2-1: Called Strike
2-2: Foul Ball, location: 2F
2-2: Foul Ball, location: 2F
2-2: Ball
3-2: Base on Balls
Dan Kurtz scores
Dustin Herman to third
Frank Elizondo to second
Batting: LHB Chad Cutler 0-0: Fly out, F8 (Flyball, 8RXD, EV 82.5 MPH)
Runner from 3rd tags up, SCORES, no throw by CF
Batting: RHB Terrence Wilson 0-0: Called Strike
0-1: Called Strike
0-2: Ball
1-2: Foul Ball, location: 2F
1-2: SINGLE (Groundball, 25, EV 67.5 MPH) (infield hit)
Frank Elizondo to third
Erik Mulligan to second
Batting: RHB Tim Moore 0-0: Ball
1-0: Ball
2-0: Foul Ball, location: 2F
2-1: Foul Ball, location: 2F
2-2: Ball
3-2: DOUBLE (Groundball, 5D, EV 101.2 MPH)
Frank Elizondo scores
Erik Mulligan scores
Terrence Wilson to third
Runner from 3rd tries for Home, SAFE, throw by LF to home
Pitching: RHP Joseph Anderson
Batting: RHB Brandon White 0-0: Fly out, F7 (Flyball, 7S, EV 85.6 MPH)
Batting: RHB Jeff Edwards 0-0: Foul Ball, location: 2F
0-1: Called Strike
0-2: SINGLE (Groundball, 6D, EV 95.0 MPH)
Tim Moore to third
Runner from 3rd tries for Home, SAFE, throw by LF to home
Batting: RHB Dan Kurtz 0-0: Ball
1-0: Ground out 1-3 (Groundball, 13S, EV 74.4 MPH)
Top of the 8th over - 6 runs, 5 hits, 0 errors, 1 left on base; Chester 10 - Brockton 3
BOTTOM OF THE 8TH
Brockton Rox batting - Pitching for Chester Pirates : RHP Eric Bourque
Pitching: RHP Kyle Davis
Batting: LHB Danny Montoya 0-0: Fly out, F2 (Popup, 23F, EV 85.0 MPH)
Batting: LHB Carlos Guerra 0-0: Ball
1-0: Ball
2-0: Ball
3-0: Called Strike
3-1: Base on Balls
Batting: LHB Aaron Brannon 0-0: Swinging Strike
0-1: Ball
1-1: Ball
2-1: Foul Ball, location: 2F
2-2: Ball
3-2: Reached on error, E8 (Flyball, 8LD, EV 94.4 MPH)
Carlos Guerra to third
Batting: LHB Miguel Maymi 0-0: Called Strike
0-1: Ball
1-1: Swinging Strike
1-2: Foul Ball, location: 2F
1-2: SINGLE (Flyball, 4D, EV 82.5 MPH)
Carlos Guerra scores
Aaron Brannon to third
Batting: RHB Travis Campbell 0-0: Ball
1-0: Swinging Strike
1-1: Foul Ball, location: 2F
1-2: Strikes out swinging
Batting: LHB Mike Hutcheson 0-0: Ball
1-0: Called Strike
1-1: Swinging Strike
1-2: SINGLE (Line Drive, 7LS, EV 91.9 MPH)
Aaron Brannon scores
Miguel Maymi to second
Batting: RHB Ted Emmerich 0-0: Fly out, F3 (Line Drive, 3, EV 67.5 MPH)
Bottom of the 8th over - 2 runs, 2 hits, 1 error, 2 left on base; Chester 10 - Brockton 5
TOP OF THE 9TH
Chester Pirates batting - Pitching for Brockton Rox : RHP Joseph Anderson
Batting: LHB Dustin Herman 0-0: Swinging Strike
0-1: Ball
1-1: Ball
2-1: Foul Ball, location: 2F
2-2: Ball
3-2: Ground out 4-3 (Groundball, 34, EV 93.8 MPH)
Batting: RHB Frank Elizondo 0-0: Called Strike
0-1: Foul Ball, location: 2F
0-2: Strikes out looking
Batting: RHB Erik Mulligan 0-0: Swinging Strike
0-1: Ball
1-1: Called Strike
1-2: Ball
2-2: Foul Ball, location: 2F
2-2: Ball
3-2: Strikes out swinging
Top of the 9th over - 0 runs, 0 hits, 0 errors, 0 left on base; Chester 10 - Brockton 5
BOTTOM OF THE 9TH
Brockton Rox batting - Pitching for Chester Pirates : RHP Kyle Davis
Batting: RHB Mike Griffin 0-0: Called Strike
0-1: Ball
1-1: Foul Ball, location: 2F
1-2: Foul Ball, location: 2F
1-2: Ball
2-2: Strikes out looking
Batting: RHB Sal Rivera 0-0: Ball
1-0: Called Strike
1-1: Ball
2-1: Foul Ball, location: 2F
2-2: Foul Ball, location: 2F
2-2: Ball
3-2: Ground out 5-3 (Groundball, 56S, EV 84.4 MPH)
Pitching: RHP Pat Hall
Batting: LHB Danny Montoya 0-0: Called Strike
0-1: Ball
1-1: DOUBLE (Flyball, 78D, EV 106.9 MPH)
Batting: LHB Carlos Guerra 0-0: Called Strike
0-1: Foul Ball, location: 2F
0-2: Ball
1-2: Ball
2-2: SINGLE (Line Drive, 89M, EV 86.9 MPH)
Danny Montoya to third
Batting: LHB Aaron Brannon 0-0: Ball
1-0: Foul Ball, location: 2F
1-1: Ball
2-1: Foul Ball, location: 2F
2-2: Strikes out swinging
Bottom of the 9th over - 0 runs, 2 hits, 0 errors, 2 left on base; Chester 10 - Brockton 5
Wednesday, June 22nd , 2022 - OOTP Baseball 23.4 Build 64